 Dungeon Crawl Stone Soup version 0.31-a0-233-g139696dc86 (webtiles) character file.

Game seed: 931543163576772128

938 Newt the Skirmisher (level 8, -4/49 HPs)
             Began as a Kobold Hunter on July 9, 2023.
             Slain by an orc warrior
             ... wielding a +0 battleaxe
              (13 damage)
             ... on level 5 of the Dungeon.
             The game lasted 00:06:24 (4484 turns).

Newt the Skirmisher (Kobold Hunter)                 Turns: 4484, Time: 00:06:24

Health: -4/49      AC:  8    Str:  8    XL:     8   Next: 34%
Magic:  8/8        EV: 17    Int: 11    God:
Gold:   165        SH:  5    Dex: 20    Spells: 7/7 levels left

rFire   . . .        a - +0 shortbow
rCold   + + .        (shield currently unavailable)
rNeg    . . .        c - +1 leather armour
rPois   .            i - +1 helmet
rElec   .            k - +0 cloak
rCorr   .            n - +0 pair of gloves
SInv    .            (no boots)
Will    .....        h - amulet of reflection
Stlth   +++          m - ring of Awe {Fly rC++}
HPRegen 0.28/turn    (no ring)
MPRegen 0.11/turn

%: reflection
@: flying
A: small, no large weapons, nightstalker 3
a: no special abilities


You were on level 5 of the Dungeon.
You visited 1 branch of the dungeon, and saw 5 of its levels.

You collected 335 gold pieces.
You spent 170 gold pieces at shops.

Inventory:

Hand Weapons
 a - a +0 shortbow (weapon)
Armour
 c - a +1 leather armour (worn)
 i - a +1 helmet (worn)
 k - a +0 cloak (worn)
 n - a +0 pair of gloves (worn)
 r - a +2 ring mail of cold resistance
Jewellery
 h - an amulet of reflection (around neck)
 m - the ring of Awe (left hand) {Fly rC++}
   (You found it on level 3 of the Dungeon)

   [ring of flight]

   rC:        It greatly protects you from cold.
   Fly:       It grants you flight.
Wands
 d - a wand of mindburst (21)
Scrolls
 b - a scroll of butterflies
 j - a scroll of blinking
 l - a scroll of identify
 o - 2 scrolls of amnesia
 p - a scroll of summoning
 q - 2 scrolls of enchant weapon
 s - a scroll of brand weapon {unknown}
Potions
 e - 3 potions of attraction
 f - 5 potions of curing
 g - 3 potions of might


   Skills:
 + Level 5.2 Fighting
 - Level 10.0 Ranged Weapons
 - Level 6.0 Dodging
 - Level 1.3 Stealth


You had 7 spell levels left.
You didn't know any spells.
Your spell library contained the following spells:

 Spells                   Type           Power      Damage    Failure   Level
 Poisonous Vapours        Pois/Air       0%         N/A       61%         2
 Gell's Gravitas          Tloc           0%         N/A       83%         3
 Mephitic Cloud           Conj/Pois/Air  0%         N/A       83%         3
 Teleport Other           Tloc           0%         N/A       83%         3
 Passage of Golubria      Tloc           0%         N/A       99%         4
 Fireball                 Conj/Fire      0%         3d3       100%        5
 Freezing Cloud           Conj/Ice/Air   0%         6-21      100%        5
 Iskenderun's Battlesphe  Conj           0%         2d6       100%        5
 Silence                  Hex/Air        0%         N/A       100%        5
 Conjure Ball Lightning   Conj/Air       0%         3x3d6     100%        6
 Dispersal                Tloc           0%         N/A       100%        6
 Orb of Destruction       Conj           0%         9d5       100%        7
 Lehudib's Crystal Spear  Conj/Erth      0%         10d2      100%        8


Dungeon Overview and Level Annotations

Branches:
Dungeon (5/15)
 Temple: D:4-7

Altars:
Uskayaw

Shops:
D:2 *   D:4 **?


Innate Abilities, Weirdness & Mutations

You are small and have problems with some larger weapons.
You are completely attuned to the shadows.


Message History

* * * LOW HITPOINT WARNING * * *
You feel better.
The orc warrior hits you with a +0 battleaxe.
* * * LOW HITPOINT WARNING * * *
You shoot an arrow. The arrow hits the orc warrior.
The orc warrior is severely wounded.
You feel better. The orc warrior closely misses you.
You shoot an arrow.
The arrow hits the orc warrior but does no damage.
The orc warrior is severely wounded.
The orc warrior misses you.
You shoot an arrow. The arrow hits the orc warrior.
The orc warrior is severely wounded.
You block the orc warrior's attack.
You shoot an arrow.
The arrow hits the orc warrior but does no damage.
The orc warrior is severely wounded.
The orc warrior closely misses you.
You shoot an arrow.
The arrow hits the orc warrior but does no damage.
The orc warrior is severely wounded.
The orc warrior hits you with a +0 battleaxe!
* * * LOW HITPOINT WARNING * * *
You shoot an arrow. The arrow hits the orc warrior.
The orc warrior is almost dead.
The orc warrior barely misses you.
You shoot an arrow.
The arrow hits the orc warrior but does no damage.
The orc warrior is almost dead.
The orc warrior hits you but does no damage.
You shoot an arrow.
The arrow completely misses the orc warrior.
The arrow hits the orc!
You kill the orc!
The orc warrior closely misses you.
You shoot an arrow.
The arrow hits the orc warrior but does no damage.
The orc warrior is almost dead.
The orc warrior hits you with a +0 battleaxe!
You die...

########
......o###
oo8..8.o8##
.o..o.....###
oo...).oo.o)#
..........#o#
..8..8..8##o#
.......####o#
############# #@#
..........######.#
#................#
#.........########
#.........#
#.........#
#.........#
....#######
##..############


You could see an orc warrior, an orc wizard and 2 orcs.

Vanquished Creatures
  Edmund (D:5)
  A black bear (D:5)
  An ice beast (D:5)
  4 scorpions
  Crazy Yiuf (D:2)
  A hound (D:5)
  Terence (D:2)
  An iguana (D:4)
  3 orc wizards
  Robin (D:2)
  8 adders
  An ufetubus (D:5)
  3 dart slugs
  26 orcs
  7 bats
  9 endoplasms
  3 giant cockroaches
  10 goblins
  10 hobgoblins
  7 jackals
  11 kobolds
  3 quokkas
  7 ball pythons
  7 frilled lizards
  8 rats
135 creatures vanquished.

Notes
Turn   | Place    | Note
-------+----------+-------------------------------------------
     0 | D:1      | Newt the Kobold Hunter began the quest for the Orb.
     0 | D:1      | Reached XP level 1. HP: 12/12 MP: 1/1
   110 | D:1      | Reached XP level 2. HP: 18/18 MP: 2/2
   338 | D:1      | Reached XP level 3. HP: 23/23 MP: 3/3
   647 | D:1      | Found a faded altar of an unknown god.
   792 | D:2      | Reached XP level 4. HP: 30/30 MP: 4/4
   800 | D:2      | Found Beoquc's Assorted Antiques.
   901 | D:2      | Noticed Terence
   913 | D:2      | Killed Terence
   914 | D:2      | Reached skill level 5 in Fighting
  1156 | D:2      | Noticed Robin
  1160 | D:2      | Killed Robin
  1161 | D:2      | Reached XP level 5. HP: 35/35 MP: 5/5
  1308 | D:2      | Found a runed translucent door.
  1311 | D:2      | Noticed Crazy Yiuf
  1518 | D:2      | Killed Crazy Yiuf
  1519 | D:2      | Reached skill level 6 in Ranged Weapons
  1793 | D:3      | Found a hide-covered altar of Uskayaw.
  1968 | D:3      | Identified the ring of Awe {Fly rC++}
  2336 | D:4      | Reached skill level 7 in Ranged Weapons
  2336 | D:4      | Reached XP level 6. HP: 36/40 MP: 6/6
  2669 | D:4      | Found Ruhaesku's Specific Store.
  2670 | D:4      | Found Jucvozel's General Store.
  2730 | D:4      | Reached skill level 8 in Ranged Weapons
  2979 | D:4      | Reached XP level 7. HP: 37/44 MP: 7/7
  3342 | D:4      | Found Rihomeotz's Magic Scroll Shop.
  3345 | D:4      | Bought a scroll of enchant weapon for 75 gold pieces
  3345 | D:4      | Bought a scroll of enchant weapon for 75 gold pieces
  3345 | D:4      | Bought a scroll of identify for 20 gold pieces
  3386 | D:5      | Entered Level 5 of the Dungeon
  3431 | D:5      | Reached skill level 9 in Ranged Weapons
  3481 | D:5      | Noticed Edmund
  3515 | D:5      | HP: 2/44 [Edmund/+1 dire flail of protection (6)]
  3519 | D:5      | Killed Edmund
  3994 | D:5      | Found a runed translucent door.
  4069 | D:5      | Reached skill level 10 in Ranged Weapons
  4088 | D:5      | Reached XP level 8. HP: 44/49 MP: 8/8
  4133 | D:5      | Reached skill level 5 in Dodging
  4484 | D:5      | Slain by an orc warrior

Illustrated notes

Levels and vault maps discovered:
D:1:      lemuel_arrival_funnel, layout_rooms, shapermc_ecumenical_altar_petra,
          serial_bayou, serial_bayou_shore_b, serial_bayou_pond_e,
          serial_bayou_shore_b, serial_bayou_pond_e
D:2:      layout_rooms, serial_shops, nicolae_shop_trees, uniq_robin,
          uniq_crazy_yiuf_cottage, uniq_terence
D:3:      layout_basic, mainiacjoe_overflow_24_doors, hangedman_decor_slide_cut
D:4:      layout_basic, serial_shops, nicolae_shop_rolled_up,
          nicolae_specific_store, hangedman_abyss_or_decor_jellyfish_corner
D:5:      minmay_bubble_buster, layout_rooms, lightli_church_of_beogh,
          uniq_edmund

Skill      XL: |  1  2  3  4  5  6  7  8 |
---------------+-------------------------+-----
Fighting       | 3 4 5 |  5.2
Ranged Weapons | 7 8 10 | 10.0
Dodging        | 4 6 |  6.0
Stealth        | |  1.3

Action                     |  1- 3 |  4- 6 |  7- 9 || total
---------------------------+-------+-------+-------++-------
   Fire: Shortbow          |    76 |   160 |   170 ||   406
    Use: Scroll            |     4 |     6 |     1 ||    11
         Potion            |       |       |     3 ||     3
 Armour: Leather armour    |     9 |    13 |    23 ||    45
  Dodge: Dodged            |    34 |    43 |    63 ||   140
  Block: Other             |       |     4 |    23 ||    27

Table legend: (Time is in decaauts)
 A = Elapsed time spent in this place.
 B = Non-inter-level travel time spent in this place.
 C = Inter-level travel time spent in this place.
 D = Time resting spent in this place.
 E = Time spent auto-exploring this place.
 F = Levels seen in this place.
 G = Mean time per level.
                   A        B        C        D        E       F      G
               +--------+--------+--------+--------+--------+-----+--------+
         Total |   4514 |   4374 |    140 |    414 |   3281 |   5 |  902.8 |
       Dungeon |   4514 |   4374 |    140 |    414 |   3281 |   5 |  902.8 |
               +--------+--------+--------+--------+--------+-----+--------+

Top non-repeatable levels by time:
     D:5: 1092 daAuts
     D:4: 1060 daAuts
     D:2: 850 daAuts
     D:1: 763 daAuts
     D:3: 746 daAuts
